 Dungeon Crawl Stone Soup version 0.23.2 (webtiles) character file.

Game seed: 9441854132219775979

266 redwoodhats the Ducker (level 6, 0/53 HPs)
             Began as a Gnoll Monk on Apr 10, 2019.
             Was an Elder of Lugonu.
             Slain by Borgoz's ghost (5 damage)
             ... on level 3 of the Dungeon.
             The game lasted 00:13:23 (2305 turns).

redwoodhats the Ducker (Gnoll Monk)                 Turns: 2305, Time: 00:13:24

Health: 0/53       AC:  4    Str: 13    XL:     6   Next: 20%
Magic:  8/8        EV: 17    Int: 13    God:    Lugonu [****..]
Gold:   140        SH:  0    Dex: 19    Spells: 8/8 levels left

rFire    . . .     SeeInvis .   o - +2 quarterstaff (chaos)
rCold    . . .     Gourm    .   (shield currently unavailable)
rNeg     . . .     Faith    .   b - +1 robe
rPois    .         Spirit   .   h - +0 helmet
rElec    .         Reflect  .   (no cloak)
rCorr    .         Harm     .   (no gloves)
MR       .....                  (no boots)
Stlth    +++.......             (no amulet)
HPRegen  0.17/turn              (no ring)
MPRegen  0.11/turn              (no ring)

@: hasted, very quick
A: distributed training, fangs 1, strong nose
a: Depart the Abyss, Bend Space, Banish, Corrupt, Renounce Religion


You were on level 3 of the Dungeon.
You worshipped Lugonu.
Lugonu was greatly pleased with you.
You were not hungry.

You visited 1 branch of the dungeon, and saw 3 of its levels.

You collected 140 gold pieces.

Inventory:

Hand Weapons
 a - a +0 hand axe
 d - a +1 dagger of venom
 o - a +2 quarterstaff of chaos (weapon)
Missiles
 j - 3 tomahawks (quivered)
Armour
 b - a +1 robe (worn)
 h - a +0 helmet (worn)
 i - a +0 pair of gloves
Wands
 k - a wand of flame (23)
Scrolls
 e - a scroll of teleportation
 m - 4 scrolls of identify
 n - 2 scrolls of remove curse
Potions
 f - a potion of agility
 g - a potion of might
Comestibles
 c - 6 rations


   Skills:
 + Level 6.8 Fighting
 + Level 1.8 Short Blades
 + Level 1.8 Long Blades
 + Level 6.8 Axes
 + Level 1.8 Maces & Flails
 + Level 1.8 Polearms
 + Level 1.8 Staves
 + Level 1.8 Slings
 + Level 1.8 Bows
 + Level 1.8 Crossbows
 + Level 1.8 Throwing
 + Level 1.8 Armour
 + Level 6.8 Dodging
 + Level 4.5 Stealth
 + Level 1.8 Shields
 + Level 1.8 Unarmed Combat
 + Level 1.8 Spellcasting
 + Level 1.4 Conjurations
 + Level 1.4 Hexes
 + Level 1.4 Charms
 + Level 1.4 Summonings
 + Level 1.4 Necromancy
 + Level 1.4 Translocations
 + Level 1.4 Transmutations
 + Level 1.4 Fire Magic
 + Level 1.4 Ice Magic
 + Level 1.4 Air Magic
 + Level 1.4 Earth Magic
 + Level 1.4 Poison Magic
 + Level 2.0 Invocations
 + Level 1.8 Evocations


You had 8 spell levels left.
You didn't know any spells.
Your spell library was empty.

Dungeon Overview and Level Annotations

Branches:
Dungeon (3/15)

Altars:
Ashenzari
Nemelex Xobeh
Lugonu

Annotations:
D:3 Borgoz's ghost, amateur GrGl


Innate Abilities, Weirdness & Mutations

Your experience applies equally to all skills.
You have very sharp teeth.
Your uncanny sense of smell can sniff out nearby items.


Message History

You bite Borgoz's ghost, but do no damage.
Borgoz's ghost is moderately damaged.
Borgoz's ghost misses you.
You hit Borgoz's ghost.
Borgoz's ghost flickers and vanishes!
Deactivating autopickup; reactivate with Ctrl-A.
Something barely misses you.
It was a potion of haste.
You feel yourself speed up. Something hits you but does no damage.
Okay, then.
You barely miss something. Something hits you!
You completely miss something. Something hits you.
* * * LOW HITPOINT WARNING * * *
You hit something. Your bite misses something. You sock something!
Something hits you!
* * * LOW HITPOINT WARNING * * *
You completely miss something. Your bite misses something.
Something barely misses you.
You hit something. You freeze something. You bite something.
Something hits you.
You die...

#.................>#.............
...............#####.........#.#.
#.............######.............
.)#................###.###.....#.
........############ ####...#÷.#.
##..##...........#≈##.##...<.....
##.#(..######..#.#.≈≈###.##......
...#(### #..##.#..≈..##........
.......# ##.##.@{.#.≈##..#......
...(...####......'..![.####......
^......#.....###.#.8≈.## #......
.......†.##..# #.#≈.#.# #......
.............# ####.≈######......
.............# #####.........
#######......# #..........
######## #.......... ###########


There were no monsters in sight!

Vanquished Creatures
  Sigmund (D:2)
  Crazy Yiuf (D:3)
  2 adders (D:3)
  A worm (D:3)
  2 leopard geckos
  3 orcs (D:3)
  2 ball pythons (D:3)
  11 bats
  2 giant cockroaches
  6 goblins
  6 hobgoblins
  3 jackals (D:1)
  4 frilled lizards
  6 kobolds
  7 rats
57 creatures vanquished.

Notes
Turn   | Place    | Note
-------+----------+-------------------------------------------
     0 | D:1      | redwoodhats the Gnoll Monk began the quest for the Orb.
     0 | D:1      | Reached XP level 1. HP: 23/23 MP: 1/1
   129 | D:1      | Reached XP level 2. HP: 29/29 MP: 2/2
   581 | D:1      | Reached XP level 3. HP: 24/35 MP: 3/3
   618 | D:1      | You fall through a shaft!
   769 | D:2      | Noticed Sigmund
  1175 | D:2      | Killed Sigmund
  1175 | D:2      | Reached skill level 1 in Short Blades
  1175 | D:2      | Reached skill level 1 in Long Blades
  1175 | D:2      | Reached skill level 1 in Maces & Flails
  1175 | D:2      | Reached skill level 1 in Polearms
  1175 | D:2      | Reached skill level 1 in Staves
  1175 | D:2      | Reached skill level 1 in Slings
  1175 | D:2      | Reached skill level 1 in Bows
  1175 | D:2      | Reached skill level 1 in Crossbows
  1175 | D:2      | Reached skill level 1 in Throwing
  1175 | D:2      | Reached skill level 1 in Armour
  1175 | D:2      | Reached skill level 1 in Shields
  1175 | D:2      | Reached skill level 1 in Unarmed Combat
  1175 | D:2      | Reached skill level 1 in Spellcasting
  1175 | D:2      | Reached skill level 1 in Conjurations
  1175 | D:2      | Reached skill level 1 in Hexes
  1175 | D:2      | Reached skill level 1 in Charms
  1175 | D:2      | Reached skill level 1 in Summonings
  1175 | D:2      | Reached skill level 1 in Necromancy
  1175 | D:2      | Reached skill level 1 in Translocations
  1175 | D:2      | Reached skill level 1 in Transmutations
  1175 | D:2      | Reached skill level 1 in Fire Magic
  1175 | D:2      | Reached skill level 1 in Ice Magic
  1175 | D:2      | Reached skill level 1 in Air Magic
  1175 | D:2      | Reached skill level 1 in Earth Magic
  1175 | D:2      | Reached skill level 1 in Poison Magic
  1175 | D:2      | Reached skill level 1 in Invocations
  1175 | D:2      | Reached skill level 1 in Evocations
  1175 | D:2      | Reached XP level 4. HP: 11/41 MP: 3/6
  1175 | D:2      | Reached XP level 5. HP: 13/47 MP: 3/7
  1545 | D:2      | Found a faded altar of an unknown god.
  1547 | D:2      | Became a worshipper of Lugonu the Unformed
  1547 | D:2      | Reached * piety under Lugonu
  1547 | D:2      | Reached ** piety under Lugonu
  1547 | D:2      | Reached *** piety under Lugonu
  1702 | D:3      | Found a large runed translucent door.
  1702 | D:3      | Found a large runed translucent door.
  1707 | D:3      | Noticed Borgoz's ghost (amateur GrGl)
  1930 | D:3      | Reached XP level 6. HP: 46/53 MP: 8/8
  1942 | D:3      | Reached **** piety under Lugonu
  2032 | D:3      | Found a runed translucent door.
  2033 | D:3      | Noticed Crazy Yiuf
  2044 | D:3      | Killed Crazy Yiuf
  2178 | D:3      | Found a sparkling altar of Nemelex Xobeh.
  2178 | D:3      | Found a shattered altar of Ashenzari.
  2305 | D:3      | Slain by Borgoz's ghost

Skill      XL: |  1  2  3  4  5  6 |
---------------+-------------------+-----
Short Blades   | 1 |  1.8
Long Blades    | 1 |  1.8
Maces & Flails | 1 |  1.8
Polearms       | 1 |  1.8
Staves         | 1 |  1.8
Slings         | 1 |  1.8
Bows           | 1 |  1.8
Crossbows      | 1 |  1.8
Throwing       | 1 |  1.8
Armour         | 1 |  1.8
Shields        | 1 |  1.8
Unarmed Combat | 1 |  1.8
Spellcasting   | 1 |  1.8
Conjurations   | 1 |  1.4
Hexes          | 1 |  1.4
Charms         | 1 |  1.4
Summonings     | 1 |  1.4
Necromancy     | 1 |  1.4
Translocations | 1 |  1.4
Transmutations | 1 |  1.4
Fire Magic     | 1 |  1.4
Ice Magic      | 1 |  1.4
Air Magic      | 1 |  1.4
Earth Magic    | 1 |  1.4
Poison Magic   | 1 |  1.4
Invocations    | 1 2 |  2.0
Evocations     | 1 |  1.8
Fighting       | |  6.8
Axes           | |  6.8
Dodging        | |  6.8
Stealth        | |  4.5

Action                   |  1- 3 |  4- 6 || total
-------------------------+-------+-------++-------
Melee: Hand axe          |    72 |       ||    72
       Bite              |     9 |     7 ||    16
       Dagger            |    13 |    45 ||    58
       Quarterstaff      |       |    17 ||    17
Invok: Bend Space        |       |     2 ||     2
  Use: Potion            |     4 |     1 ||     5
       Scroll            |     3 |     2 ||     5
 Stab: Sleeping          |     5 |     3 ||     8
  Eat: Ration            |     1 |     1 ||     2
Armor: Robe              |     8 |    17 ||    25
Dodge: Dodged            |    63 |    70 ||   133
